[Event "GER-chT Youth Countries 2020"]
[Site "Berlin"]
[Date "2020.10.03"]
[Round "6"]
[White "Lorenz, Veronika"]
[Black "Heuberger, Sandra"]
[Result "1-0"]
[ECO "C50"]
[WhiteElo "1273"]
[BlackElo "1004"]
[Annotator "NA"]
[PlyCount "63"]
[EventDate "2020.09.30"]
[EventType "team-tourn"]
[EventRounds "7"]
[EventCountry "GER"]
[SourceTitle "playchess.com"]
[Source "ChessBase"]
[SourceQuality "1"]
[TimeControl "30/5400+30:0"]

1. e4 e5 2. Nf3 Nc6 3. d4 exd4 4. Bc4 Be7 5. O-O d6 6. Nxd4 Nf6 7. Re1 O-O 8. b3 Nxe4 9. Nxc6 bxc6 10. Rxe4 d5 11. Rxe7 Qxe7 12. Bd3 Bd7 13. Bb2 Rad8 14. Nd2 Qe6 15. Nf3 Qd6 16. Ng5 f5 17. c4 d4 18. c5 Qg6 19. Bc4+ Kh8 20. h4 Bc8 21. Bxd4 h6 22. Nf7+ Rxf7 23. Bxf7 Qxf7 24. Bxg7+ Qxg7 25. Qxd8+ Kh7 26. Re1 Ba6 27. Re7 Qxe7 28. Qxe7+ Kg6 29. Qf8 Bb5 30. h5+ Kxh5 31. Qxf5+ Kh4 32. g3# 1-0

[Event "GER-chT Youth Countries 2020"]
[Site "Berlin"]
[Date "2020.10.03"]
[Round "6"]
[White "Schwenke, Mia"]
[Black "Reich, Elisabeth"]
[Result "1-0"]
[ECO "B75"]
[WhiteElo "1265"]
[BlackElo "1128"]
[Annotator "NA"]
[PlyCount "146"]
[EventDate "2020.09.30"]
[EventType "team-tourn"]
[EventRounds "7"]
[EventCountry "GER"]
[SourceTitle "playchess.com"]
[Source "ChessBase"]
[SourceQuality "1"]
[TimeControl "30/5400+30:0"]

1. e4 c5 2. Nf3 d6 3. d4 cxd4 4. Nxd4 Nf6 5. Nc3 g6 6. Be3 Bg7 7. f3 Nc6 8. Qd2 h5 9. O-O-O Bd7 10. h3 h4 11. Be2 a6 12. f4 Qc7 13. Bf3 Rc8 14. Kb1 b5 15. Rc1 b4 16. Nd5 Nxd5 17. exd5 Nxd4 18. Bxd4 Bxd4 19. Qxd4 Rg8 20. Qxb4 Rb8 21. Qd4 Qa5 22. Rhe1 Qb4 23. Qxb4 Rxb4 24. Re4 Rb6 25. Rce1 e6 26. dxe6 Bxe6 27. Bg4 d5 28. Re5 Kd7 29. Rxd5+ Kc7 30. Bxe6 fxe6 31. Rde5 Kd7 32. Rd1+ Kc7 33. Rc5+ Kb8 34. a3 Rf8 35. Rd4 Kb7 36. Rcc4 Rb5 37. Rb4 Rh8 38. Rxb5+ axb5 39. Rd6 Re8 40. Rd7+ Kc8 41. Rg7 Rf8 42. Rxg6 Rxf4 43. Rxe6 Rf1+ 44. Ka2 Rf2 45. c3 Rxg2 46. Re4 Kb7 47. Rxh4 Rh2 48. Rh7+ Kb6 49. h4 Kc5 50. h5 Kc4 51. Rd7 Rxh5 52. Rd4+ Kc5 53. a4 bxa4 54. Rxa4 Rh2 55. Kb3 Rh3 56. Ra5+ Kb6 57. Kb4 Rh2 58. b3 Rh4+ 59. c4 Rg4 60. Rb5+ Kc6 61. Re5 Kd6 62. Ra5 Kc6 63. Ra6+ Kb7 64. Kb5 Rg5+ 65. c5 Rxc5+ 66. Kxc5 Kxa6 67. b4 Ka7 68. Kc6 Kb8 69. Kb6 Ka8 70. Kc7 Ka7 71. b5 Ka8 72. Kb6 Kb8 73. Kc6 Ka7 1-0

[Event "GER-chT Youth Countries 2020"]
[Site "Berlin"]
[Date "2020.10.03"]
[Round "6"]
[White "Zimmer, Tim"]
[Black "Braeutigam, Katerina"]
[Result "0-1"]
[ECO "B10"]
[WhiteElo "1025"]
[BlackElo "1744"]
[Annotator "NA"]
[PlyCount "106"]
[EventDate "2020.09.30"]
[EventType "team-tourn"]
[EventRounds "7"]
[EventCountry "GER"]
[SourceTitle "playchess.com"]
[Source "ChessBase"]
[SourceQuality "1"]
[TimeControl "30/5400+30:0"]

1. e4 c6 2. Nf3 d5 3. Nc3 g6 4. d4 dxe4 5. Nxe4 Bg7 6. c3 Nf6 7. Ng3 Bg4 8. h3 Bxf3 9. Qxf3 Nbd7 10. Bf4 Nb6 11. Be5 Nbd7 12. Bxf6 Nxf6 13. Bc4 O-O 14. O-O Qc7 15. Bb3 Rab8 16. Rad1 c5 17. dxc5 Qxc5 18. Ne4 Nxe4 19. Qxe4 Qc7 20. Rd3 Be5 21. Rfd1 Bd6 22. Qf3 a5 23. h4 h5 24. g4 hxg4 25. Qxg4 Kg7 26. Rh3 Qc8 27. Qd4+ f6 28. Rdd3 Qf5 29. Rdf3 Qe5 30. Qd3 Rbd8 31. Bc2 f5 32. h5 Qe1+ 33. Kg2 Bh2 34. h6+ Kh7 35. Qf1 Qxf1+ 36. Kxf1 Bc7 37. Re3 e5 38. Ke2 e4 39. f3 Bf4 40. fxe4 Bxe3 41. Kxe3 f4+ 42. Ke2 f3+ 43. Rxf3 Rxf3 44. Kxf3 Rd2 45. Bb3 Kxh6 46. e5 Kg7 47. Ke4 b6 48. e6 Kf6 49. Ke3 Rxb2 50. Ke4 Re2+ 51. Kd4 Rxe6 52. Bxe6 Kxe6 53. Ke4 Kd6 0-1

[Event "GER-chT Youth Countries 2020"]
[Site "Berlin"]
[Date "2020.10.03"]
[Round "6"]
[White "Chassard, Cecilia"]
[Black "Ottlik, Marie"]
[Result "0-1"]
[ECO "B01"]
[WhiteElo "980"]
[BlackElo "1454"]
[Annotator "NA"]
[PlyCount "114"]
[EventDate "2020.09.30"]
[EventType "team-tourn"]
[EventRounds "7"]
[EventCountry "GER"]
[SourceTitle "playchess.com"]
[Source "ChessBase"]
[SourceQuality "1"]
[TimeControl "30/5400+30:0"]

1. e4 d5 2. exd5 Nf6 3. Nf3 Nxd5 4. Bc4 Nb6 5. Bb3 Bf5 6. O-O e6 7. Re1 Be7 8. d4 O-O 9. Nc3 Nc6 10. d5 Nb4 11. a3 N4xd5 12. Nxd5 Nxd5 13. Bxd5 exd5 14. Re5 Be4 15. c4 Bf6 16. Rh5 dxc4 17. Bg5 Bxg5 18. Nxg5 Bg6 19. Rh4 Qxg5 20. Rg4 Qd8 21. Rxc4 Qxd1+ 22. Rxd1 Rad8 23. Re1 Rfe8 24. Rxe8+ Rxe8 25. h3 c6 26. Rb4 b5 27. Rb3 f6 28. Rc3 Re6 29. g4 Rd6 30. a4 a6 31. axb5 axb5 32. Ra3 Rd1+ 33. Kh2 Be4 34. Ra8+ Kf7 35. Ra7+ Kg6 36. Re7 Bd5 37. f4 f5 38. Kg3 Kf6 39. Re5 fxg4 40. hxg4 Rg1+ 41. Kf2 Rxg4 42. Ke3 g5 43. Re8 gxf4+ 44. Kf2 Kf7 45. Re5 Kf6 46. Re2 Rg2+ 47. Kf1 Rxe2 48. Kxe2 f3+ 49. Kf1 c5 50. b4 cxb4 51. Kf2 b3 52. Ke1 b2 53. Kd1 b1=Q+ 54. Kd2 Qb2+ 55. Kd1 Qe2+ 56. Kc1 f2 57. Kb1 f1=Q# 0-1

[Event "GER-chT Youth Countries 2020"]
[Site "Berlin"]
[Date "2020.10.04"]
[Round "7"]
[White "Roseneck, Jonas"]
[Black "Krastev, Alexander"]
[Result "0-1"]
[ECO "C88"]
[WhiteElo "2417"]
[BlackElo "2340"]
[Annotator "ChessBase"]
[PlyCount "124"]
[EventDate "2020.09.30"]
[EventType "team-tourn"]
[EventRounds "7"]
[EventCountry "GER"]
[SourceTitle "playchess.com"]
[Source "ChessBase"]
[SourceQuality "1"]
[TimeControl "30/5400+30:0"]

1. e4 e5 2. Nf3 Nc6 3. Bb5 a6 4. Ba4 Nf6 5. O-O Be7 6. Re1 b5 7. Bb3 O-O 8. a4 d5 9. axb5 dxe4 10. bxc6 exf3 11. Qxf3 e4 12. Qe3 Ng4 13. Qxe4 Bc5 14. d4 Qh4 15. Be3 Qxh2+ 16. Kf1 Bd6 17. Nc3 Qh5 18. Bf4 Nf6 19. Qe3 Qh1+ 20. Ke2 Qxg2 21. Bxd6 cxd6 22. Rg1 Bg4+ 23. Kd2 Qxc6 24. d5 Qd7 25. Qg3 g6 26. Ra4 Bh5 27. Qg5 Qd8 28. Kc1 Re8 29. Rh4 Re5 30. Qg3 Qe7 31. f4 Re3 32. Qf2 Rf3 33. Qh2 Qe3+ 34. Kb1 Rf2 35. Qh1 Re8 36. Ka2 Rxf4 37. Rxf4 Qxf4 38. Rf1 Qe5 39. Qh4 Kg7 40. Qa4 Bg4 41. Rxf6 Kxf6 42. Qxg4 h5 43. Qh4+ Kg7 44. Bc4 Qf6 45. Qh2 Qd4 46. Bd3 Re5 47. Ne2 Qxd5+ 48. b3 Qf3 49. Nf4 Qe3 50. b4 Qe1 51. Kb3 Qb1+ 52. Kc4 Qa2+ 53. Kc3 Qa3+ 54. Kc4 a5 55. c3 Qa4 56. Qd2 axb4 57. cxb4 Rc5+ 58. Kd4 Qa1+ 59. Ke3 Qg1+ 60. Kf3 Re5 61. Ng2 Qd4 62. Nf4 Rf5 0-1

[Event "GER-chT Youth Countries 2020"]
[Site "Berlin"]
[Date "2020.10.04"]
[Round "7"]
[White "Reuker, Jari"]
[Black "Vogel, Roven"]
[Result "1/2-1/2"]
[ECO "A30"]
[WhiteElo "2401"]
[BlackElo "2456"]
[Annotator "ChessBase"]
[PlyCount "44"]
[EventDate "2020.09.30"]
[EventType "team-tourn"]
[EventRounds "7"]
[EventCountry "GER"]
[SourceTitle "playchess.com"]
[Source "ChessBase"]
[SourceQuality "1"]
[TimeControl "30/5400+30:0"]

1. c4 c5 2. Nf3 Nf6 3. b3 d5 4. cxd5 Nxd5 5. e3 Nc6 6. Bb2 Ndb4 7. d3 Bf5 8. e4 Bg4 9. a3 Bxf3 10. gxf3 Na6 11. b4 Nc7 12. f4 e5 13. fxe5 Ne6 14. b5 Ncd4 15. Nc3 Qg5 16. Nd5 Qxe5 17. Bh3 Rd8 18. O-O Rxd5 19. Bxe6 Rd8 20. Bd5 Qf4 21. Bxd4 cxd4 22. Bxb7 Bd6 1/2-1/2

[Event "GER-chT Youth Countries 2020"]
[Site "Berlin"]
[Date "2020.10.04"]
[Round "7"]
[White "Nguyen, Alex Dac-Vuong"]
[Black "Colbow, Collin"]
[Result "0-1"]
[ECO "B54"]
[WhiteElo "2343"]
[BlackElo "2210"]
[Annotator "ChessBase"]
[PlyCount "64"]
[EventDate "2020.09.30"]
[EventType "team-tourn"]
[EventRounds "7"]
[EventCountry "GER"]
[SourceTitle "playchess.com"]
[Source "ChessBase"]
[SourceQuality "1"]
[TimeControl "30/5400+30:0"]

1. e4 c5 2. Nf3 d6 3. d4 cxd4 4. Nxd4 Nf6 5. f3 e5 6. Nb3 Be6 7. c4 Be7 8. Be3 Nbd7 9. Nc3 O-O 10. Be2 Nh5 11. g3 g6 12. Qd2 a6 13. Nd5 f5 14. exf5 gxf5 15. Rd1 f4 16. Nxe7+ Qxe7 17. Bf2 e4 18. Qxd6 Rae8 19. Qxe7 Rxe7 20. fxe4 f3 21. Bd3 Ne5 22. Bc5 f2+ 23. Bxf2 Nf3+ 24. Ke2 Bg4 25. Ke3 Ng5 26. Rd2 Rf3+ 27. Ke2 Nxe4 28. Bxe4 Rxe4+ 29. Kd1 Rc3+ 30. Re2 Bxe2+ 31. Kd2 Rd3+ 32. Ke1 Rd1# 0-1

[Event "GER-chT Youth Countries 2020"]
[Site "Berlin"]
[Date "2020.10.04"]
[Round "7"]
[White "Faerber, David"]
[Black "Muckle, Julius"]
[Result "0-1"]
[ECO "C13"]
[WhiteElo "2321"]
[BlackElo "2427"]
[Annotator "ChessBase"]
[PlyCount "59"]
[EventDate "2020.09.30"]
[EventType "team-tourn"]
[EventRounds "7"]
[EventCountry "GER"]
[SourceTitle "playchess.com"]
[Source "ChessBase"]
[SourceQuality "1"]
[TimeControl "30/5400+30:0"]

1. e4 e6 2. d4 d5 3. Nc3 Nf6 4. Bg5 Be7 5. e5 Nfd7 6. h4 h6 7. Bxe7 Qxe7 8. f4 O-O 9. g4 f6 10. exf6 Qxf6 11. Nge2 Qe7 12. Qd2 c5 13. dxc5 Nxc5 14. O-O-O Nc6 15. Bg2 Bd7 16. g5 h5 17. Ng3 Rac8 18. Rhe1 d4 19. Nce4 Nb4 20. Kb1 Ba4 21. b3 d3 22. c3 Nxb3 23. axb3 Bxb3 24. cxb4 Bc2+ 25. Kb2 Bxd1 26. Nc5 Bg4 27. f5 b6 28. Nxd3 Qd6 29. Re3 Qd4+ 30. Kb3 0-1

[Event "GER-chT Youth Countries 2020"]
[Site "Berlin"]
[Date "2020.10.04"]
[Round "7"]
[White "Stelmaszyk, Nico"]
[Black "Yi, Danny"]
[Result "0-1"]
[ECO "C51"]
[WhiteElo "2301"]
[BlackElo "2266"]
[Annotator "ChessBase"]
[PlyCount "84"]
[EventDate "2020.09.30"]
[EventType "team-tourn"]
[EventRounds "7"]
[EventCountry "GER"]
[SourceTitle "playchess.com"]
[Source "ChessBase"]
[SourceQuality "1"]
[TimeControl "30/5400+30:0"]

1. e4 e5 2. Nf3 Nc6 3. Bc4 Bc5 4. b4 Bb6 5. a4 a6 6. Nc3 Nf6 7. Nd5 d6 8. O-O O-O 9. Nxb6 cxb6 10. d3 Nxb4 11. Rb1 Nc6 12. Be3 Bg4 13. Rxb6 Qd7 14. Qb1 Bxf3 15. gxf3 Rab8 16. Kh1 d5 17. Bb3 Qh3 18. Qd1 dxe4 19. dxe4 Rbd8 20. Bd5 Nxd5 21. exd5 Rxd5 22. Qe2 Rd7 23. Rfb1 Qh5 24. Rxb7 Rxb7 25. Rxb7 e4 26. Qxa6 Qxf3+ 27. Kg1 Qg4+ 28. Kh1 Qd1+ 29. Kg2 Rd8 30. h3 Ne5 31. Qf1 Qf3+ 32. Kh2 Qf6 33. Rb1 Nf3+ 34. Kh1 Qd6 35. Qg2 Qd1+ 36. Qf1 Qxc2 37. Bb6 Rc8 38. Ra1 Qb2 39. Rd1 Qxb6 40. Qb5 Qxf2 41. Qb8 Rxb8 42. Rc1 Qh2# 0-1

[Event "GER-chT Youth Countries 2020"]
[Site "Berlin"]
[Date "2020.10.04"]
[Round "7"]
[White "Arndt, Magnus"]
[Black "Nothnagel, Marian Can"]
[Result "0-1"]
[ECO "A45"]
[WhiteElo "2298"]
[BlackElo "2355"]
[Annotator "ChessBase"]
[PlyCount "100"]
[EventDate "2020.09.30"]
[EventType "team-tourn"]
[EventRounds "7"]
[EventCountry "GER"]
[SourceTitle "playchess.com"]
[Source "ChessBase"]
[SourceQuality "1"]
[TimeControl "30/5400+30:0"]

1. d4 Nf6 2. Bg5 e6 3. e4 h6 4. Bxf6 Qxf6 5. c3 d6 6. Bd3 g6 7. Ne2 e5 8. O-O Bg7 9. f4 Qe7 10. Nd2 Nd7 11. f5 O-O 12. fxg6 fxg6 13. Qb3+ Kh7 14. Rxf8 Bxf8 15. Rf1 Nf6 16. Nf3 c6 17. h3 Bg7 18. Ng3 Be6 19. Qc2 Bd7 20. Qb3 Be8 21. Kh2 b6 22. a4 Qc7 23. Qc4 d5 24. Qb3 dxe4 25. Nxe4 exd4+ 26. Kh1 Nxe4 27. Bxe4 dxc3 28. bxc3 Rd8 29. Qe6 Qd7 30. Qxd7 Bxd7 31. Rd1 Bf6 32. Rd6 Kg7 33. Bxc6 Bc8 34. Rxd8 Bxd8 35. Kg1 Be7 36. Kf2 Bc5+ 37. Nd4 Kf6 38. Ke3 Ke5 39. Kd3 g5 40. Ne2 Be6 41. Nd4 Bf7 42. Be4 a5 43. g3 Ba2 44. Nf3+ Kd6 45. Kc2 Bf2 46. g4 Bc4 47. Nd2 Bf7 48. Nf3 Bc5 49. Bb7 Bg6+ 50. Kb3 Bd3 0-1

[Event "GER-chT Youth Countries 2020"]
[Site "Berlin"]
[Date "2020.10.04"]
[Round "7"]
[White "Pubantz, Jan"]
[Black "Richter, Nils"]
[Result "0-1"]
[ECO "A05"]
[WhiteElo "2295"]
[BlackElo "2307"]
[Annotator "ChessBase"]
[PlyCount "82"]
[EventDate "2020.09.30"]
[EventType "team-tourn"]
[EventRounds "7"]
[EventCountry "GER"]
[SourceTitle "playchess.com"]
[Source "ChessBase"]
[SourceQuality "1"]
[TimeControl "30/5400+30:0"]

1. Nf3 Nf6 2. c4 e6 3. Nc3 d5 4. e3 Be7 5. b3 O-O 6. Bb2 c5 7. cxd5 Nxd5 8. Qc2 Nc6 9. Be2 b6 10. O-O Bb7 11. Rfd1 Rc8 12. Rac1 Bf6 13. Ne4 Bxb2 14. Neg5 Nf6 15. Qxb2 h6 16. Nh3 Qe7 17. d4 cxd4 18. Nxd4 Nxd4 19. Qxd4 Qa3 20. Rxc8 Rxc8 21. Qd2 Be4 22. f3 Bf5 23. g4 Bg6 24. Nf4 Kh7 25. Nxg6 fxg6 26. Bd3 e5 27. h3 Qc5 28. Kg2 e4 29. Bxe4 Nxe4 30. fxe4 Qe5 31. Qd3 Rc3 32. Qe2 Qxe4+ 33. Qf3 Rc2+ 34. Kg3 Qe5+ 35. Qf4 Qb2 36. h4 Rg2+ 37. Kh3 Rf2 38. Qg3 Qe2 39. h5 Rf3 40. hxg6+ Kxg6 41. Rd6+ Kh7 0-1

[Event "GER-chT Youth Countries 2020"]
[Site "Berlin"]
[Date "2020.10.04"]
[Round "7"]
[White "Kuznecovs, Nikita"]
[Black "Milare, Tyron"]
[Result "1-0"]
[ECO "A05"]
[WhiteElo "2276"]
[BlackElo "2176"]
[Annotator "ChessBase"]
[PlyCount "147"]
[EventDate "2020.09.30"]
[EventType "team-tourn"]
[EventRounds "7"]
[EventCountry "GER"]
[SourceTitle "playchess.com"]
[Source "ChessBase"]
[SourceQuality "1"]
[TimeControl "30/5400+30:0"]

1. Nf3 Nf6 2. c4 e6 3. Nc3 d5 4. e3 Be7 5. Be2 dxc4 6. Bxc4 O-O 7. O-O b6 8. d4 Bb7 9. Qe2 c5 10. Rd1 Qc8 11. e4 cxd4 12. Nxd4 Nc6 13. Nf3 h6 14. Bf4 a6 15. Na4 Bd8 16. Bd3 Nd7 17. Rac1 b5 18. Nc3 Bb6 19. Bb1 Rd8 20. Nd5 Bc5 21. Ne3 Bxe3 22. Qxe3 e5 23. Bg3 Qb8 24. Bh4 f6 25. Qb3+ Kh8 26. Qf7 Nd4 27. Nxd4 exd4 28. Rxd4 Qf4 29. Rcd1 Qxh4 30. Rxd7 Rxd7 31. Rxd7 Qg5 32. g3 Qc1+ 33. Kg2 Rg8 34. Bd3 Bc8 35. Re7 Qd1 36. Qd5 Qg4 37. Bc2 Qh3+ 38. Kg1 Bg4 39. e5 Bf5 40. Bd1 fxe5 41. Qxe5 Bd3 42. Qe1 Rf8 43. f4 Qf5 44. Qc3 Qf6 45. Qxf6 Rxf6 46. Kf2 Rd6 47. Ke3 Bf5 48. Be2 Kh7 49. g4 Bb1 50. a3 Kg6 51. Rc7 Kf6 52. h4 g5 53. fxg5+ hxg5 54. h5 Re6+ 55. Kf3 Be4+ 56. Kg3 Bb1 57. Bf3 Rd6 58. Rc6 Rxc6 59. Bxc6 Bc2 60. Kf2 Bd1 61. Bf3 Bc2 62. Ke3 Ke5 63. Be2 Bb3 64. Bd3 Be6 65. h6 Kf6 66. Bf5 Bc4 67. b4 Kf7 68. Kd4 Kf6 69. Kc5 Be2 70. Kb6 Kf7 71. Kxa6 Kf6 72. Ka5 Bf1 73. a4 bxa4 74. Kxa4 1-0

[Event "GER-chT Youth Countries 2020"]
[Site "Berlin"]
[Date "2020.10.04"]
[Round "7"]
[White "Koelle, Tobias"]
[Black "Knuedel, Torben"]
[Result "0-1"]
[ECO "D37"]
[WhiteElo "2275"]
[BlackElo "2211"]
[Annotator "ChessBase"]
[PlyCount "98"]
[EventDate "2020.09.30"]
[EventType "team-tourn"]
[EventRounds "7"]
[EventCountry "GER"]
[SourceTitle "playchess.com"]
[Source "ChessBase"]
[SourceQuality "1"]
[TimeControl "30/5400+30:0"]

1. d4 Nf6 2. c4 e6 3. Nf3 d5 4. Nc3 dxc4 5. e4 b5 6. e5 Nd5 7. Nxb5 Nb6 8. Be2 Nc6 9. O-O Be7 10. Qd2 Bb7 11. Qf4 Qd7 12. a4 g5 13. Nxg5 Bxg5 14. Qxg5 Ne7 15. Bf3 Bxf3 16. Qf6 Qc6 17. Qxf3 Qxf3 18. gxf3 Rg8+ 19. Kh1 Kd7 20. Be3 Nf5 21. Nc3 Nd5 22. Ne4 Rab8 23. Rab1 Nh4 24. f4 Nf3 25. Rfc1 Rg6 26. Nd2 Nxh2 27. Kxh2 Nxe3 28. Ne4 Ng4+ 29. Kg2 Nxe5+ 30. Kf1 Nf3 31. Rd1 f5 32. Nc5+ Kd6 33. Ke2 Nxd4+ 34. Rxd4+ Kxc5 35. Rd7 c6 36. Rxa7 c3 37. Rxh7 cxb2 38. a5 Rgg8 39. Kd2 Kc4 40. a6 Kb3 41. Rh3+ Ka2 42. Kc2 Rg2 43. Rf3 Rb5 44. a7 Rc5+ 45. Rc3 Rxf2+ 46. Kd3 Ra5 47. Rxb2+ Kxb2 48. Rxc6 Ra3+ 49. Kd4 Rxf4+ 0-1

[Event "GER-chT Youth Countries 2020"]
[Site "Berlin"]
[Date "2020.10.04"]
[Round "7"]
[White "Schneider, Jana"]
[Black "Ermitsch, Magnus"]
[Result "1/2-1/2"]
[ECO "C42"]
[WhiteElo "2270"]
[BlackElo "2025"]
[Annotator "ChessBase"]
[PlyCount "67"]
[EventDate "2020.09.30"]
[EventType "team-tourn"]
[EventRounds "7"]
[EventCountry "GER"]
[SourceTitle "playchess.com"]
[Source "ChessBase"]
[SourceQuality "1"]
[TimeControl "30/5400+30:0"]

1. e4 e5 2. Nf3 Nf6 3. Nxe5 d6 4. Nf3 Nxe4 5. Bd3 Nf6 6. O-O Be7 7. c3 Bg4 8. Bc2 O-O 9. d4 Re8 10. Bg5 Bh5 11. Nbd2 d5 12. Re1 Nbd7 13. Nf1 Bg6 14. Ng3 Bf8 15. Nf5 c6 16. N3h4 Qb6 17. Rxe8 Rxe8 18. Rb1 Ne4 19. Bf4 Re6 20. Bd3 a5 21. Qc2 Nef6 22. Kf1 Ne4 23. Re1 Rf6 24. Bxe4 dxe4 25. g4 Re6 26. Rxe4 Nf6 27. Rxe6 fxe6 28. Nxg6 hxg6 29. Nh4 g5 30. Be5 gxh4 31. Bxf6 gxf6 32. Qg6+ Bg7 33. Qe8+ Kh7 34. Qh5+ 1/2-1/2

[Event "GER-chT Youth Countries 2020"]
[Site "Berlin"]
[Date "2020.10.04"]
[Round "7"]
[White "Niermann, Tristan"]
[Black "Pallas, Sebastian"]
[Result "1-0"]
[ECO "A45"]
[WhiteElo "2262"]
[BlackElo "2315"]
[Annotator "ChessBase"]
[PlyCount "109"]
[EventDate "2020.09.30"]
[EventType "team-tourn"]
[EventRounds "7"]
[EventCountry "GER"]
[SourceTitle "playchess.com"]
[Source "ChessBase"]
[SourceQuality "1"]
[TimeControl "30/5400+30:0"]

1. d4 Nf6 2. Bf4 g6 3. Nc3 d5 4. Qd2 Bf5 5. O-O-O c6 6. f3 h5 7. Qe1 Bg7 8. e4 Be6 9. Nh3 dxe4 10. Ng5 O-O 11. fxe4 Bg4 12. Rd2 Qa5 13. h3 Be6 14. Nxe6 fxe6 15. Qg3 h4 16. Qxh4 Qh5 17. Qg3 Qh7 18. Bg5 Nbd7 19. Bc4 Kh8 20. Bxe6 c5 21. e5 Nh5 22. Qe3 cxd4 23. Rxd4 Nxe5 24. Rh4 Rf6 25. Bxf6 exf6 26. Kb1 Re8 27. Bb3 f5 28. Nd5 f4 29. Qe4 g5 30. Qxh7+ Kxh7 31. Rxh5+ Kg6 32. Nc7 Re7 33. Rxg5+ Kxg5 34. Ne6+ Kf5 35. Nxg7+ Rxg7 36. Bd5 b5 37. Re1 Nc4 38. Bxc4 bxc4 39. Re2 f3 40. Rf2 Rxg2 41. Rxf3+ Ke4 42. Rf1 Rh2 43. b4 c3 44. Rd1 Rd2 45. Rh1 a5 46. bxa5 Rd5 47. a6 Rb5+ 48. Ka1 Ke3 49. h4 Kd2 50. h5 Kxc2 51. a7 Ra5 52. h6 Rxa7 53. h7 Rxh7 54. Rxh7 Kd2 55. Rc7 1-0

[Event "GER-chT Youth Countries 2020"]
[Site "Berlin"]
[Date "2020.10.04"]
[Round "7"]
[White "Hommer, Jeremy"]
[Black "Schwartz, Oliver"]
[Result "1-0"]
[ECO "B31"]
[WhiteElo "2246"]
[BlackElo "1794"]
[Annotator "ChessBase"]
[PlyCount "55"]
[EventDate "2020.09.30"]
[EventType "team-tourn"]
[EventRounds "7"]
[EventCountry "GER"]
[SourceTitle "playchess.com"]
[Source "ChessBase"]
[SourceQuality "1"]
[TimeControl "30/5400+30:0"]

1. e4 c5 2. Nf3 Nc6 3. Bb5 g6 4. O-O Bg7 5. c3 Nf6 6. Re1 O-O 7. d4 d5 8. e5 Ne4 9. Nbd2 cxd4 10. cxd4 Qb6 11. Bxc6 Qxc6 12. Nb3 Rd8 13. Bf4 Bd7 14. Nfd2 Nxd2 15. Qxd2 Rac8 16. Rac1 Qb5 17. h4 Bf5 18. Qa5 Qb6 19. Qa3 Bf8 20. Nc5 Qb5 21. e6 b6 22. Nd7 Bg7 23. exf7+ Kxf7 24. Rxe7+ Kg8 25. Rxg7+ Kh8 26. Rxh7+ Kxh7 27. Qe7+ Kh8 28. Be5+ 1-0

[Event "GER-chT Youth Countries 2020"]
[Site "Berlin"]
[Date "2020.10.04"]
[Round "7"]
[White "Costa, Leonardo"]
[Black "Fock, Amina"]
[Result "1-0"]
[ECO "B93"]
[WhiteElo "2245"]
[BlackElo "1840"]
[Annotator "ChessBase"]
[PlyCount "109"]
[EventDate "2020.09.30"]
[EventType "team-tourn"]
[EventRounds "7"]
[EventCountry "GER"]
[SourceTitle "playchess.com"]
[Source "ChessBase"]
[SourceQuality "1"]
[TimeControl "30/5400+30:0"]

1. e4 c5 2. Nf3 d6 3. d4 cxd4 4. Nxd4 Nf6 5. Nc3 a6 6. f4 e5 7. Nf3 Qc7 8. Bd3 Nbd7 9. O-O Be7 10. Kh1 O-O 11. Qe2 Nc5 12. fxe5 dxe5 13. Bg5 Nxd3 14. Bxf6 Nf4 15. Bxe5 Nxe2 16. Bxc7 Nxc3 17. bxc3 Be6 18. Nd4 Bc4 19. Rfd1 Ba3 20. Rab1 b5 21. Nf5 Ra7 22. Bd6 Bxd6 23. Rxd6 g6 24. Nd4 Bxa2 25. Ra1 Bc4 26. e5 Re7 27. Nc6 Re6 28. Kg1 Ra8 29. Kf2 Bd5 30. Nb4 Rxd6 31. exd6 Bb7 32. Nd3 Rd8 33. Nc5 Bc6 34. d7 Kf8 35. Rxa6 Bxd7 36. Rd6 Ke7 37. Rxd7+ Rxd7 38. Nxd7 Kxd7 39. Ke3 f5 40. Kd4 Kd6 41. c4 bxc4 42. Kxc4 g5 43. Kd4 h5 44. c3 h4 45. c4 g4 46. c5+ Kc6 47. Ke5 g3 48. hxg3 hxg3 49. Kxf5 Kxc5 50. Kf4 Kd5 51. Kxg3 Ke6 52. Kg4 Ke5 53. Kh5 Kf6 54. g4 Kf7 55. Kh6 1-0

[Event "GER-chT Youth Countries 2020"]
[Site "Berlin"]
[Date "2020.10.04"]
[Round "7"]
[White "Hesse, Henrik"]
[Black "Goldbeck, Lars"]
[Result "1-0"]
[ECO "A13"]
[WhiteElo "2242"]
[BlackElo "2273"]
[Annotator "ChessBase"]
[PlyCount "151"]
[EventDate "2020.09.30"]
[EventType "team-tourn"]
[EventRounds "7"]
[EventCountry "GER"]
[SourceTitle "playchess.com"]
[Source "ChessBase"]
[SourceQuality "1"]
[TimeControl "30/5400+30:0"]

1. c4 e6 2. g3 d5 3. cxd5 exd5 4. Bg2 Nf6 5. Nf3 Be7 6. O-O O-O 7. d4 c6 8. Nc3 Re8 9. Bf4 Bf5 10. Rc1 Nh5 11. Bd2 Nd7 12. h3 Nhf6 13. Nh4 Be6 14. Qc2 Nb6 15. Nf3 Qc8 16. Kh2 Nc4 17. Ne5 Bf5 18. Qd1 Nxd2 19. Qxd2 Qb8 20. f4 Nd7 21. e4 dxe4 22. Nxe4 Qd8 23. Rcd1 Bf8 24. Rfe1 Nb6 25. Qc3 Nd5 26. Qb3 Qb6 27. Qc4 Qb4 28. Nc5 Qxc4 29. Nxc4 Rxe1 30. Rxe1 b6 31. Nb3 f6 32. a3 Rd8 33. Ncd2 h5 34. Rc1 Bd7 35. Ne4 h4 36. Nc3 hxg3+ 37. Kxg3 Ne3 38. Bf3 Nf5+ 39. Kf2 Bd6 40. Ne2 Ne7 41. h4 Nd5 42. Bxd5+ cxd5 43. Kf3 Kf7 44. Ng3 g6 45. f5 gxf5 46. Ne2 Rg8 47. Rg1 Rg4 48. Rh1 Kg6 49. h5+ Kh6 50. Nd2 Bb5 51. Nf1 Bd3 52. Nfg3 Rg7 53. Rc1 Be4+ 54. Kf2 f4 55. Nxe4 dxe4 56. Rc6 f3 57. Nc3 Rg2+ 58. Ke3 Bf4+ 59. Kxe4 f2 60. Rxf6+ Kxh5 61. Rxf4 Rg4 62. Rxg4 Kxg4 63. Nd1 f1=N 64. Ne3+ Nxe3 65. Kxe3 Kf5 66. b4 b5 67. Kf3 Kf6 68. Ke4 Ke6 69. d5+ Kd6 70. Kd4 a6 71. Ke4 Kd7 72. Ke5 Ke7 73. d6+ Kd7 74. Kd5 Kd8 75. Kc6 Kc8 76. Kb6 1-0

[Event "GER-chT Youth Countries 2020"]
[Site "Berlin"]
[Date "2020.10.04"]
[Round "7"]
[White "Maetzkow, Maximilian Paul"]
[Black "Kolb, Tobias"]
[Result "1/2-1/2"]
[ECO "D00"]
[WhiteElo "2242"]
[BlackElo "2268"]
[Annotator "ChessBase"]
[PlyCount "69"]
[EventDate "2020.09.30"]
[EventType "team-tourn"]
[EventRounds "7"]
[EventCountry "GER"]
[SourceTitle "playchess.com"]
[Source "ChessBase"]
[SourceQuality "1"]
[TimeControl "30/5400+30:0"]

1. d4 d5 2. Nc3 Nf6 3. Bf4 Bf5 4. f3 e6 5. g4 Bg6 6. h4 h5 7. g5 Nfd7 8. e3 Nc6 9. Bd3 Bxd3 10. cxd3 Nb6 11. Nge2 Bd6 12. Qb3 Qd7 13. O-O-O O-O-O 14. Bxd6 Qxd6 15. f4 Kb8 16. Kb1 a6 17. Rc1 f6 18. Na4 Nxa4 19. Qxa4 Ne7 20. e4 dxe4 21. dxe4 f5 22. e5 Qd5 23. Ka1 Rd7 24. Rh3 Qb5 25. Qc2 Rhd8 26. Rb3 Qd5 27. Rc3 Qa5 28. Ra3 Qd5 29. Rc3 Nc6 30. Rc5 Nxd4 31. Nxd4 Qxd4 32. Rxc7 Qxf4 33. Rc8+ Rxc8 34. Qxc8+ Ka7 35. Qc5+ 1/2-1/2

[Event "GER-chT Youth Countries 2020"]
[Site "Berlin"]
[Date "2020.10.04"]
[Round "7"]
[White "Post, Hugo"]
[Black "Runte, Moritz"]
[Result "1-0"]
[ECO "B38"]
[WhiteElo "2209"]
[BlackElo "2114"]
[Annotator "ChessBase"]
[PlyCount "37"]
[EventDate "2020.09.30"]
[EventType "team-tourn"]
[EventRounds "7"]
[EventCountry "GER"]
[SourceTitle "playchess.com"]
[Source "ChessBase"]
[SourceQuality "1"]
[TimeControl "30/5400+30:0"]

1. e4 c5 2. Nf3 g6 3. d4 cxd4 4. Nxd4 Bg7 5. c4 Nc6 6. Be3 Nf6 7. Nc3 O-O 8. Be2 d6 9. f3 e6 10. Ndb5 d5 11. cxd5 exd5 12. exd5 a6 13. dxc6 axb5 14. Qxd8 Rxd8 15. Bxb5 Nd5 16. O-O-O Bxc3 17. c7 Rd6 18. bxc3 Rxa2 19. Bc5 1-0